 Dungeon Sprint DCSS version 0.20-a0-1122-gb7cbeb9 (webtiles) character file.

151 potatolord6000 the Skirmisher (level 5, -5/37 HPs)
             Began as a Gargoyle Fighter on May 11, 2017.
             Killed from afar by a deep elf mage (15 damage)
             ... with an orb of energy
             ... in the Dungeon (Sprint III: "The Ten Rune Challenge").
             The game lasted 00:01:37 (471 turns).

potatolord6000 the Skirmisher (Gargoyle Fighter)     Turns: 471, Time: 00:01:37

Health: -5/37      AC: 11    Str: 25    XL:     5   Next: 33%
Magic:  5/5        EV:  8    Int:  9    God:
Gold:   38         SH: 10    Dex:  9    Spells: 4/4 levels left

rFire    . . .     SeeInvis .   a - +0 flail
rCold    . . .     Gourm    .   c - +0 shield
rNeg     + . .     Faith    .   b - +0 scale mail
rPois    ∞         Spirit   .   (no helmet)
rElec    +         Reflect  .   (no cloak)
rCorr    .         Harm     .   (no gloves)
MR       .....     NoTele   +   (no boots)
Stlth    ..........             (no amulet)
Regen    0.2/turn               (no ring)
MPRegen  0.1/turn               (no ring)

@: mighty
A: negative energy resistance 1, electricity resistance, unbreathing,
petrification resistance, rot immunity, AC +4
a: no special abilities


You were in the Dungeon.
You were full.

You visited 1 branch You collected 38 gold pieces.

Inventory:

Hand Weapons
 a - a +0 flail (weapon)
Armour
 b - a +0 scale mail (worn)
 c - a +0 shield (worn)
Scrolls
 k - 2 scrolls of blinking
 l - a scroll of holy word {unknown}
 m - a scroll of identify {unknown}
 n - 2 scrolls of remove curse
 r - a scroll of immolation {unknown}
 s - a scroll of fog {unknown}
Potions
 e - 2 potions of curing
 f - 2 potions of mutation {unknown}
 g - a potion of heal wounds
 h - a potion of haste
 i - 2 potions of magic
 j - a potion of berserk rage
 p - a potion of flight {unknown}
 q - a potion of cancellation {unknown}
Comestibles
 o - 2 royal jellies


   Skills:
 + Level 6.5 Fighting
 + Level 5.4 Maces & Flails
 + Level 6.5 Armour
 + Level 6.4 Shields


You had 4 spell levels left.
You didn't know any spells.

Dungeon Overview and Level Annotations

Branches:
Dungeon (1/1)

Altars:
Elyvilon
Zin
The Shining One


Innate Abilities, Weirdness & Mutations

You are resistant to torment.
Your stone body is resilient. (AC +4)
You are immune to poison.
You resist negative energy. (rN+)
You are resistant to electric shocks. (rElec)
You can survive without breathing.
You are immune to petrification.
You are immune to rotting.


Message History

You miss the deep elf mage.
The deep elf mage hits you but does no damage.
You bludgeon the deep elf mage!!
The deep elf mage is heavily wounded.
The deep elf mage drinks a potion.
The deep elf mage is healed!
You thump the deep elf mage!
The deep elf mage is heavily wounded.
The deep elf mage hits you but does no damage.
You sock the deep elf mage!
The deep elf mage is severely wounded.
The deep elf mage casts a spell at you. The orb of energy hits you!
The orb of energy explodes!
The battlesphere fires!
The barrage of energy hits you!
* * * LOW HITPOINT WARNING * * *
Unknown command.
You miss the deep elf mage.
The deep elf mage is severely wounded.
The deep elf mage points at you and mumbles some strange words.
The orb of energy hits you!
You die...

▓▓▓▓▓▓▓▓ ▓▓▓ ..'....♣
♣.##### ..#....♣ ♣♣.#*__#
###....♣♣ ..#e@.#
..#....≈♣♣♣♣♣.###'#+###+#
..#...≈≈♣.....#..........
..#..≈≈≈≈♣.♣♣.'.⌠........
#'#..≈≈≈≈≈≈♣..#...######+
.[#.≈≈≈≈≈≈....#.⌠.#
..#.≈≈≈≈≈.....#...#
..#.≈≈≈.......#+###
###.....†.....#


You could see a deep elf mage and a battlesphere.

Vanquished Creatures
  A water elemental (D)
  A scorpion (D)
  Jessica (D)
  A human (D)
  An ooze (D)
  A rat (D)
6 creatures vanquished.

Vanquished Creatures (others)
  2 draconian scorchers (D)
  6 hellions (D)
  A yaktaur (D)
  4 plants (D)
13 creatures vanquished.

Grand Total: 19 creatures vanquished

Notes
Turn   | Place    | Note
-------+----------+-------------------------------------------
     0 | D        | potatolord6000 the Gargoyle Fighter began the quest for the Orb.
     0 | D        | Reached XP level 1. HP: 14/14 MP: 1/1
    16 | D        | Noticed Jessica
    32 | D        | Killed Jessica
    32 | D        | Reached XP level 2. HP: 4/20 MP: 2/2
    32 | D        | Reached XP level 3. HP: 6/25 MP: 3/3
   100 | D        | Killed a hellion
   101 | D        | Killed a hellion
   101 | D        | Killed a hellion
   102 | D        | Killed a hellion
   103 | D        | Killed a hellion
   103 | D        | Killed a hellion
   118 | D        | Killed a yaktaur
   201 | D        | Killed a white draconian scorcher
   282 | D        | Killed a white draconian scorcher
   292 | D        | Reached skill level 5 in Fighting
   292 | D        | Reached skill level 5 in Armour
   399 | D        | Noticed a scorpion
   404 | D        | Killed a scorpion
   404 | D        | Reached skill level 5 in Shields
   404 | D        | Reached XP level 4. HP: 32/32 MP: 4/4
   453 | D        | Noticed a water elemental
   458 | D        | Killed a water elemental
   458 | D        | Reached skill level 5 in Maces & Flails
   458 | D        | Reached XP level 5. HP: 17/37 MP: 5/5
   464 | D        | Found a glowing silver altar of Zin.
   464 | D        | Found a glowing golden altar of the Shining One.
   464 | D        | Found a white marble altar of Elyvilon.
   465 | D        | Noticed a deep elf mage
   471 | D        | Killed from afar by a deep elf mage

Vault maps used:
D:        dungeon_sprint_mu

Skill      XL: |  1  2  3  4 |
---------------+-------------+-----
Fighting       | 4 5 6 |  6.5
Maces & Flails | 3 4 5 |  5.4
Armour         | 4 5 6 |  6.5
Shields        | 4 5 6 |  6.4

Action                   |  1- 3 |  4- 6 || total
-------------------------+-------+-------++-------
Melee: Flail             |    20 |     9 ||    29
  Use: Potion            |       |     2 ||     2
  Eat: Bread ration      |     1 |       ||     1
Armor: Scale mail        |    13 |     3 ||    16
Dodge: Dodged            |     2 |     1 ||     3
Block: Shield            |    10 |       ||    10
